Map: Central Protocol

Players

LilDicky - Winner!

  • Race: Terran Terran
  • League: Platinum

Tiger

  • Race: Terran Terran
  • League: Platinum

VOD

http://www.twitch.tv/tumescentpie

Description

Time

  • Played on: Nov. 20, 2015, 12:10 p.m.
  • Length: 13:39
Show
View Real Time Build Order
Export as new Build Order

LilDicky Terran - Winner!

Build Orders: Hellion Banshee 

Get SALT Encoding   

  12  0:01  SCV  
  13  0:13  SCV  
  14  0:18  Supply Depot  
  14  0:26  SCV  
  15  0:40  SCV  
  15  0:41  Barracks  
  16  0:52  SCV  
  17  0:58  Refinery x2  
  17  1:04  SCV  
  18  1:16  SCV  
  19  1:28  SCV, Marine  
  19  1:31  Supply Depot  
  21  1:40  Orbital Command  
  21  1:48  Factory  
  21  1:56  Supply Depot  
  21  2:01  Barracks Reactor  
  21  2:05  SCV  
  22  2:17  SCV  
  23  2:29  SCV  
  24  2:32  Supply Depot  
  24  2:36  Starport  
  24  2:42  SCV  
  25  2:47  Barracks Tech Lab  
  25  2:49  Hellion x2  
  29  2:54  SCV  
  30  3:06  SCV  
  30  3:10  Hellion x2  
  35  3:13  Supply Depot  
  35  3:18  SCV  
  36  3:24  Cloaking Field  
  36  3:25  Banshee  
  39  3:30  SCV  
  39  3:32  Hellion x2  
  44  3:37  Supply Depot  
  44  3:44  Marine  
  45  3:49  SCV, Engineering Bay  
  48  3:55  Hellion  
  48  4:00  Hellion  
  48  4:01  SCV  
  51  4:06  Supply Depot  
  43  4:34  Hellion x2  
  43  4:46  Banshee  
  46  4:56  Hellion  
  48  5:01  Hellion  
  48  5:03  SCV  
  48  5:14  Marine  
  48  5:15  Armory  
  48  5:17  Hellion  
  48  5:18  SCV  
  48  5:19  Command Center  
  52  5:30  SCV  
  53  5:45  Banshee  
  52  6:02  Hellion x2  
  48  6:14  Terran Vehicle Weapons Level 1  
  48  6:23  Hellion  
  47  6:26  Hellion  
  47  6:29  SCV  
  50  6:33  Orbital Command  
  50  6:41  Banshee  
  50  6:44  Factory  
  53  6:51  SCV  
  54  6:59  Refinery x2  
  54  7:03  Hellion  
  54  7:06  SCV, Hellion  
  55  7:19  Command Center  
  49  7:26  Hellion  
  49  7:27  SCV  
  49  7:40  SCV x2  
  49  7:48  Missile Turret  
  49  7:49  Hellion  
  50  7:52  Factory Tech Lab  
  50  7:53  Banshee  
  50  7:56  SCV, Factory  
  54  8:02  SCV  
  55  8:08  SCV  
  56  8:14  SCV  
  56  8:16  Terran Vehicle Weapons Level 2  
  56  8:19  Missile Turret  
  57  8:21  SCV  
  57  8:23  Armory  
  57  8:26  SCV, Cyclone  
  62  8:27  Hellion x2  
  62  8:30  Hi-Sec Auto Tracking  
  62  8:32  Supply Depot  
  62  8:33  SCV  
  68  8:34  Planetary Fortress  
  68  8:38  SCV  
  68  8:43  Factory Tech Lab  
  68  8:44  Supply Depot  
  68  8:45  SCV, Supply Depot  
  69  8:50  SCV, Hellion  
  69  8:51  Hellion  
  74  8:58  Siege Tank  
  73  9:16  Hellion x2, Siege Tank  
  78  9:30  Hellion  
  80  9:37  Banshee  
  80  9:39  Hellion x2  
  84  9:48  Siege Tank  
  84  9:51  Siege Tank  
  87  10:02  Factory  
  87  10:03  Factory  
  87  10:06  Refinery x2  
  87  10:07  Supply Depot  
  87  10:12  SCV  
  87  10:13  SCV  
  89  10:20  Viking, Siege Tank  
  89  10:21  Orbital Command  
  94  10:23  Siege Tank  
  94  10:25  SCV  
  89  10:38  Hellion x2, Refinery  
  89  10:39  Refinery  
  93  10:52  Siege Tank  
  93  10:56  Siege Tank  
  99  11:02  Viking  
  98  11:04  Factory Reactor  
  98  11:05  Factory Tech Lab  
  98  11:06  Starport  
  98  11:08  SCV  
  98  11:09  SCV  
  100  11:13  SCV  
  100  11:14  Hellion x2  
  105  11:19  Terran Vehicle And Ship Armor Level 1  
  105  11:24  Command Center, Siege Tank  
  108  11:28  Siege Tank  
  108  11:30  SCV x2  
  108  11:31  Missile Turret  
  113  11:41  Hellion, Siege Tank  
  113  11:43  Refinery  
  118  11:54  Refinery  
  116  11:56  Siege Tank  
  119  12:02  SCV  
  119  12:04  Banshee  
  119  12:08  Starport Reactor  
  123  12:09  Hellion x3  
  123  12:14  Supply Depot  
  129  12:35  Hellion x2, Siege Tank x2  
  133  12:45  Viking x2  
  123  13:06  Viking  
  123  13:12  Hellion x2  
  127  13:27  SCV  
Show
View Real Time Build Order
Export as new Build Order

Tiger Terran 

Build Orders: Command Center First (CC) 

Get SALT Encoding   

  12  0:01  SCV  
  13  0:13  SCV  
  14  0:22  Supply Depot  
  14  0:25  SCV  
  15  0:44  SCV  
  16  0:56  SCV  
  17  1:05  Command Center  
  17  1:08  SCV  
  18  1:15  Refinery  
  18  1:20  SCV  
  19  1:33  SCV  
  19  1:34  Barracks  
  20  1:44  Refinery  
  20  1:45  SCV  
  21  1:53  Supply Depot  
  21  1:57  SCV  
  22  2:09  SCV  
  23  2:21  SCV  
  24  2:24  Bunker  
  24  2:25  Marine  
  24  2:28  Factory  
  25  2:32  SCV  
  26  2:39  SCV  
  27  2:44  SCV  
  27  2:49  Marine  
  27  2:51  SCV  
  30  3:00  SCV  
  30  3:03  SCV  
  32  3:12  Factory Tech Lab  
  32  3:14  Orbital Command  
  32  3:18  Orbital Command  
  32  3:30  Cyclone  
  35  3:39  Engineering Bay  
  35  3:44  SCV x2  
  35  3:46  Refinery  
  35  3:47  Factory  
  37  3:49  Supply Depot  
  37  3:51  Barracks Tech Lab  
  37  3:56  SCV  
  38  4:06  SCV  
  38  4:08  SCV  
  38  4:18  SCV  
  37  4:27  Cyclone  
  32  5:11  Cyclone  
  32  5:23  SCV  
  32  5:24  SCV  
  34  5:35  Cyclone  
  36  5:36  SCV x2  
  37  5:48  SCV  
  32  5:59  Cyclone  
  26  6:09  SCV x2  
  24  6:21  SCV x2  
  26  6:33  SCV x2  
  28  6:45  SCV x2  
  30  6:48  Marine  
  31  6:57  SCV x2  
  33  7:06  Marine  
  34  7:09  SCV x2  
  36  7:20  Cyclone  
  36  7:21  SCV x2  
  35  7:32  Marine  
  35  7:33  SCV x2  
  38  7:45  SCV  
  38  7:46  SCV  
  38  7:50  Marine  
  41  7:58  SCV x2  
  43  8:07  Cyclone x2  
  43  8:10  SCV x2  
  51  8:17  Supply Depot  
  51  8:18  Supply Depot  
  51  8:22  SCV x2  
  54  8:34  SCV  
  54  8:38  Supply Depot  
  54  8:39  SCV  
  55  8:42  Siege Tank  
  55  8:46  SCV  
  59  8:51  SCV  
  59  8:53  Marine  
  61  8:58  SCV  
  61  8:59  Refinery  
  61  9:01  Supply Depot  
  62  9:03  SCV  
  63  9:10  SCV  
  63  9:11  Marine  
  63  9:15  SCV  
  63  9:22  SCV  
  63  9:23  Cyclone x2  
  67  9:28  SCV  
  67  9:29  Marine  
  66  9:47  Marine  
  67  9:55  Cyclone  
  67  9:57  Siege Tank  
  73  10:04  Marine  
  74  10:10  Supply Depot  
  74  10:16  Factory  
  74  10:18  Command Center  
  74  10:28  Hellion  
  76  10:30  Hellion  
  78  10:49  Hellion  
  80  10:51  Hellion  
  80  10:52  Supply Depot  
  84  11:06  Factory Tech Lab  
  84  11:10  Armory, Hellion  
  84  11:12  Hellion  
  84  11:15  Armory  
  86  11:20  Supply Depot  
  86  11:21  Supply Depot  
  86  11:22  Supply Depot  
  86  11:32  Hellion  
  88  11:33  Cyclone  
  88  11:36  Infernal Pre-Igniter  
  91  11:42  Cyclone  
  94  11:53  Siege Tank  
  75  12:05  Siege Tank  
  78  12:14  Siege Tank  
  78  12:25  Siege Tank  
  78  12:38  Siege Tank  
  73  12:57  Siege Tank  
  57  13:22  Factory Tech Lab x2  
Tags
 
Add a new tag
Caveats
  • Supply blocks, unpowered buildings, or Contaminate may cause inaccurate times.
  • Supply counts are checked every 10 seconds.